SNL (28 & UNDER)
WICHITA WRANGLERS @ GAINESVILLE GUIDOS
05/21/2028
 
TOP OF THE 1ST
Wichita Wranglers batting - Pitching for Gainesville Guidos : RHP Jesús Cantú
Pitching: RHP Jesús Cantú
Batting: RHB José López 0-0: Called Strike
0-1: Ball
1-1: Foul Ball, location: 2F
1-2: Strikes out swinging
Batting: SHB Juan Glaviz 0-0: DOUBLE (Line Drive, 9LM)
Batting: RHB Santiago Morales 0-0: SINGLE (Groundball, 56D)
Juan Glaviz to third
Runner from 3rd tries for Home, throw and OUT!
Santiago Morales to second
Batting: RHB Félix Gonzáles 0-0: Ball
1-0: Reached on error, E6 (Groundball, 6)
Santiago Morales to third
Batting: LHB Richard Hinkle 0-0: Foul Ball, location: 2F
0-1: Foul Ball, location: 2F
0-2: Ball
1-2: Ball
2-2: Strikes out swinging
Top of the 1st over - 0 run(s), 2 hit(s), 1 error(s), 2 left on base; Wichita 0 - Gainesville 0
BOTTOM OF THE 1ST
Gainesville Guidos batting - Pitching for Wichita Wranglers : RHP John Drake
Pitching: RHP John Drake
Batting: LHB Robbie Turner 0-0: Ball
1-0: Swinging Strike
1-1: Ground out 6-3 (Groundball, 6)
Batting: RHB Doug Coleman 0-0: Called Strike
0-1: Swinging Strike
0-2: Strikes out swinging
Batting: RHB Kyle O'Day 0-0: Hit by Pitch
Batting: RHB Augusto Baca 0-0: Called Strike
Kyle O'Day steals 2nd base
0-1: Swinging Strike
0-2: Strikes out swinging
Bottom of the 1st over - 0 run(s), 0 hit(s), 0 error(s), 1 left on base; Wichita 0 - Gainesville 0
TOP OF THE 2ND
Wichita Wranglers batting - Pitching for Gainesville Guidos : RHP Jesús Cantú
Batting: RHB Oliver Todd 0-0: Foul Ball, location: 2F
0-1: Ground out 5-3 (Groundball, 56S)
Batting: SHB José López 0-0: Ball
1-0: Called Strike
1-1: SINGLE (Line Drive, 4M)
Batting: RHB Hubert MacDonald 0-0: Ball
1-0: Called Strike
1-1: Ball
2-1: Ball
3-1: Base on Balls
José López to second
Batting: SHB Lewis Woods 0-0: Ball
1-0: Ball
2-0: Ball
3-0: Called Strike
3-1: Base on Balls
José López to third
Hubert MacDonald to second
Batting: RHB José López 0-0: Foul Ball, location: 2F
0-1: Called Strike
0-2: Ball
1-2: Foul Ball, location: 2F
1-2: Strikes out swinging
Batting: SHB Juan Glaviz 0-0: Ball
1-0: SINGLE (Groundball, 6) (infield hit)
José López scores
Hubert MacDonald to third
Lewis Woods to second
Batting: RHB Santiago Morales 0-0: Called Strike
0-1: Ball
1-1: Ball
2-1: Called Strike
2-2: Strikes out looking
Top of the 2nd over - 1 run(s), 2 hit(s), 0 error(s), 3 left on base; Wichita 1 - Gainesville 0
BOTTOM OF THE 2ND
Gainesville Guidos batting - Pitching for Wichita Wranglers : RHP John Drake
Batting: RHB Denver Baker 0-0: Called Strike
0-1: Foul Ball, location: 2F
0-2: Ball
1-2: Ball
2-2: Strikes out swinging
Batting: LHB Pedro Juárez 0-0: Called Strike
0-1: Ball
1-1: Foul Ball, location: 2F
1-2: Fly out, F7 (Flyball, 7S)
Batting: RHB Juan Reyes 0-0: Called Strike
0-1: Called Strike
0-2: Ball
1-2: Ground out 6-3 (Groundball, 6)
Bottom of the 2nd over - 0 run(s), 0 hit(s), 0 error(s), 0 left on base; Wichita 1 - Gainesville 0
TOP OF THE 3RD
Wichita Wranglers batting - Pitching for Gainesville Guidos : RHP Jesús Cantú
Batting: RHB Félix Gonzáles 0-0: Swinging Strike
0-1: Ball
1-1: Foul Ball, location: 2F
1-2: Strikes out swinging
Batting: LHB Richard Hinkle 0-0: Foul Ball, location: 2F
0-1: Ball
1-1: Ground out U3 (Groundball, 3)
Batting: RHB Oliver Todd 0-0: Called Strike
0-1: Called Strike
0-2: Ball
1-2: Ball
2-2: Fly out, F8 (Flyball, 8LD)
Top of the 3rd over - 0 run(s), 0 hit(s), 0 error(s), 0 left on base; Wichita 1 - Gainesville 0
BOTTOM OF THE 3RD
Gainesville Guidos batting - Pitching for Wichita Wranglers : RHP John Drake
Batting: LHB Eddy Jefferson 0-0: Called Strike
0-1: Ball
1-1: Ground out 6-3 (Groundball, 6)
Batting: RHB Adrián López 0-0: Called Strike
0-1: SINGLE (Line Drive, 8RM)
Batting: LHB Robbie Turner 0-0: Ball
1-0: Called Strike
1-1: Foul Ball, location: 2F
1-2: Ground out 3-1 (Groundball, 23)
Adrián López to second
Batting: RHB Doug Coleman 0-0: Ball
1-0: Ball
2-0: Foul Ball, location: 2F
2-1: Ball
3-1: Called Strike
3-2: Base on Balls
Batting: RHB Kyle O'Day 0-0: Ball
1-0: Foul Ball, location: 2F
1-1: Called Strike
1-2: Strikes out swinging
Bottom of the 3rd over - 0 run(s), 1 hit(s), 0 error(s), 2 left on base; Wichita 1 - Gainesville 0
TOP OF THE 4TH
Wichita Wranglers batting - Pitching for Gainesville Guidos : RHP Jesús Cantú
Batting: SHB José López 0-0: Called Strike
0-1: Ball
1-1: Ball
2-1: Ball
3-1: Base on Balls
Batting: RHB Hubert MacDonald 0-0: Called Strike
0-1: Ball
1-1: Called Strike
1-2: Strikes out swinging
Batting: SHB Lewis Woods 0-0: Ball
1-0: Grounds into double play, 6-4-3 (Groundball, 6)
Top of the 4th over - 0 run(s), 0 hit(s), 0 error(s), 0 left on base; Wichita 1 - Gainesville 0
BOTTOM OF THE 4TH
Gainesville Guidos batting - Pitching for Wichita Wranglers : RHP John Drake
Batting: RHB Augusto Baca 0-0: DOUBLE (Line Drive, 89XD)
Batting: RHB Denver Baker 0-0: Swinging Strike
0-1: Ball
1-1: Ball
2-1: Ball
3-1: Base on Balls
Batting: LHB Pedro Juárez 0-0: Foul Ball, location: 2F
0-1: Foul Ball, location: 2F
0-2: Fly out, F2 (Popup, 3S)
Batting: RHB Juan Reyes 0-0: Called Strike
0-1: Swinging Strike
0-2: Strikes out swinging
Batting: LHB Eddy Jefferson 0-0: SINGLE (Line Drive, 4MD)
Augusto Baca to third
Denver Baker to second
Batting: RHB Adrián López 0-0: Called Strike
0-1: Called Strike
0-2: SINGLE (Flyball, 78S)
Augusto Baca scores
Denver Baker to third
Eddy Jefferson to second
Runner from 3rd tries for Home, SAFE, no throw
Batting: LHB Robbie Turner 0-0: Ball
1-0: Ground out 5-3 (Groundball, 25)
Bottom of the 4th over - 2 run(s), 3 hit(s), 0 error(s), 2 left on base; Wichita 1 - Gainesville 2
TOP OF THE 5TH
Wichita Wranglers batting - Pitching for Gainesville Guidos : RHP Jesús Cantú
Batting: RHB José López 0-0: Ball
1-0: Ball
2-0: Foul Ball, location: 2F
2-1: Ball
3-1: Called Strike
3-2: Fly out, F9 (Flyball, 9LS)
Batting: SHB Juan Glaviz 0-0: Ball
1-0: Ball
2-0: Foul Ball, location: 2F
2-1: Ball
3-1: SOLO HOME RUN (Flyball, 8LXD), Distance : 408 ft
Batting: RHB Santiago Morales 0-0: Ground out 6-3 (Groundball, 6)
Batting: RHB Félix Gonzáles 0-0: Ball
1-0: Swinging Strike
1-1: Called Strike
1-2: Ball
2-2: Foul Ball, location: 2F
2-2: Ball
3-2: Base on Balls
Batting: LHB Richard Hinkle 0-0: Ball
1-0: Ground out 4-3 (Groundball, 34)
Top of the 5th over - 1 run(s), 1 hit(s), 0 error(s), 1 left on base; Wichita 2 - Gainesville 2
BOTTOM OF THE 5TH
Gainesville Guidos batting - Pitching for Wichita Wranglers : RHP John Drake
Batting: RHB Doug Coleman 0-0: Ball
1-0: Swinging Strike
1-1: Ball
2-1: Swinging Strike
2-2: Ball
3-2: Strikes out looking
Batting: RHB Kyle O'Day 0-0: Called Strike
0-1: Ball
1-1: Fly out, F8 (Flyball, 8LM)
Batting: RHB Augusto Baca 0-0: Ball
1-0: Fly out, F2 (Popup, 23)
Bottom of the 5th over - 0 run(s), 0 hit(s), 0 error(s), 0 left on base; Wichita 2 - Gainesville 2
TOP OF THE 6TH
Wichita Wranglers batting - Pitching for Gainesville Guidos : RHP Jesús Cantú
Batting: RHB Oliver Todd 0-0: Called Strike
0-1: Ball
1-1: Called Strike
1-2: Foul Ball, location: 2F
1-2: Foul Ball, location: 2F
1-2: Foul Ball, location: 2F
1-2: Fly out, F6 (Popup, 6D)
Batting: SHB José López 0-0: Called Strike
0-1: Swinging Strike
0-2: Ball
1-2: Ball
2-2: Foul Ball, location: 2F
2-2: Ball
3-2: Base on Balls
Pitching: RHP Josh Higgins
Batting: RHB Hubert MacDonald 0-0: Ball
1-0: Grounds into double play, 6-4-3 (Groundball, 6)
Top of the 6th over - 0 run(s), 0 hit(s), 0 error(s), 0 left on base; Wichita 2 - Gainesville 2
BOTTOM OF THE 6TH
Gainesville Guidos batting - Pitching for Wichita Wranglers : RHP John Drake
Batting: RHB Denver Baker 0-0: Ball
1-0: Foul Ball, location: 2F
1-1: Ground out 4-3 (Groundball, 4)
Batting: LHB Pedro Juárez 0-0: Ball
1-0: Ball
2-0: Called Strike
2-1: Ball
3-1: SINGLE (Flyball, 7LS)
Batting: RHB Juan Reyes 0-0: DOUBLE (Flyball, 8RD)
Pedro Juárez to third
Batting: LHB Eddy Jefferson 0-0: Intentional Walk
Batting: RHB Adrián López 0-0: Called Strike
0-1: Called Strike
0-2: Strikes out swinging
Batting: LHB Robbie Turner 0-0: Called Strike
0-1: Swinging Strike
0-2: Strikes out swinging
Bottom of the 6th over - 0 run(s), 2 hit(s), 0 error(s), 3 left on base; Wichita 2 - Gainesville 2
TOP OF THE 7TH
Wichita Wranglers batting - Pitching for Gainesville Guidos : RHP Josh Higgins
Batting: SHB Lewis Woods 0-0: Ball
1-0: Foul Ball, location: 2F
1-1: Ball
2-1: Ball
3-1: DOUBLE (Line Drive, 7LM)
Pinch Hitting: RHB Gabriel Erwin 0-0: Intentional Walk
Batting: SHB Juan Glaviz 0-0: Called Strike
0-1: Ball
1-1: Swinging Strike
1-2: Strikes out swinging
Batting: RHB Santiago Morales 0-0: Foul Ball, location: 2F
0-1: Grounds into double play, 5-4-3 (Groundball, 56)
Top of the 7th over - 0 run(s), 1 hit(s), 0 error(s), 1 left on base; Wichita 2 - Gainesville 2
BOTTOM OF THE 7TH
Gainesville Guidos batting - Pitching for Wichita Wranglers : RHP John Drake
Pitching: RHP Luis Pérez
Now in RF: Gabriel Erwin
Batting: RHB Doug Coleman 0-0: Ball
1-0: Called Strike
1-1: Called Strike
1-2: Strikes out swinging
Batting: RHB Kyle O'Day 0-0: Ball
1-0: Ball
2-0: Ground out 5-3 (Groundball, 5L)
Batting: RHB Augusto Baca 0-0: Ball
1-0: Foul Ball, location: 2F
1-1: DOUBLE (Flyball, 9D)
Batting: RHB Denver Baker 0-0: Ground out 5-3 (Groundball, 56)
Bottom of the 7th over - 0 run(s), 1 hit(s), 0 error(s), 1 left on base; Wichita 2 - Gainesville 2
TOP OF THE 8TH
Wichita Wranglers batting - Pitching for Gainesville Guidos : RHP Josh Higgins
Batting: RHB Félix Gonzáles 0-0: Ball
1-0: Ball
2-0: Ball
3-0: Base on Balls
Batting: LHB Richard Hinkle 0-0: Swinging Strike
0-1: Foul Ball, location: 2F
0-2: Ball
1-2: DOUBLE (Line Drive, 78XD)
Félix Gonzáles to third
Batting: RHB Oliver Todd 0-0: SINGLE (Line Drive, 56)
Félix Gonzáles scores
Richard Hinkle to third
Batting: SHB José López 0-0: Ball
1-0: Foul Ball, location: 2F
1-1: Ball
2-1: Foul Ball, location: 2F
2-2: SINGLE (Groundball, 6M)
Richard Hinkle scores
Oliver Todd to second
Runner from 2nd tries for 3rd, SAFE, throw made to third
José López to second
Pinch Hitting: SHB Wayne Matthews 0-0: Intentional Walk
Pitching: RHP Mario Tovar
Batting: SHB Lewis Woods 0-0: Called Strike
0-1: Ball
1-1: Ball
2-1: Ball
3-1: Grounds into fielders choice 6-2 (Groundball, 56)
José López to third
Wayne Matthews to second
Batting: RHB Gabriel Erwin 0-0: Ball
1-0: Called Strike
1-1: Ball
2-1: Ball
Wild Pitch!
José López scores
Wayne Matthews to third
Lewis Woods to second
3-1: Intentional Walk
Batting: SHB Juan Glaviz 0-0: Called Strike
0-1: Ball
1-1: DOUBLE (Line Drive, 9D)
Wayne Matthews scores
Lewis Woods scores
Gabriel Erwin to third
Runner from 3rd tries for Home, SAFE, no throw
Batting: RHB Santiago Morales 0-0: Foul Ball, location: 2F
0-1: Swinging Strike
0-2: Foul Ball, location: 2F
0-2: Foul Ball, location: 2F
0-2: Ball
1-2: Ball
2-2: Foul Ball, location: 2F
2-2: Ground out 2-3 (Groundball, 2L)
Juan Glaviz to third
Batting: RHB Félix Gonzáles 0-0: Ball
1-0: Ball
2-0: Called Strike
2-1: Foul Ball, location: 2F
2-2: Strikes out swinging
Top of the 8th over - 6 run(s), 4 hit(s), 0 error(s), 1 left on base; Wichita 8 - Gainesville 2
BOTTOM OF THE 8TH
Gainesville Guidos batting - Pitching for Wichita Wranglers : RHP Luis Pérez
Now at 3B: Wayne Matthews
Batting: LHB Pedro Juárez 0-0: Foul Ball, location: 2F
0-1: Ball
1-1: Fly out, F8 (Flyball, 89S)
Batting: RHB Juan Reyes 0-0: Ball
1-0: SINGLE (Groundball, 4D)
Batting: LHB Eddy Jefferson 0-0: Ball
1-0: Ball
2-0: Called Strike
2-1: Foul Ball, location: 2F
2-2: Foul Ball, location: 2F
2-2: Ground out 5-3 (Groundball, 25)
Juan Reyes to second
Batting: RHB Adrián López 0-0: Ground out 1-3 (Groundball, P)
Bottom of the 8th over - 0 run(s), 1 hit(s), 0 error(s), 1 left on base; Wichita 8 - Gainesville 2
TOP OF THE 9TH
Wichita Wranglers batting - Pitching for Gainesville Guidos : RHP Mario Tovar
Batting: LHB Richard Hinkle 0-0: SINGLE (Line Drive, 8RS)
Pitching: RHP Juan Mora
Batting: RHB Oliver Todd 0-0: Called Strike
0-1: Ball
1-1: SINGLE (Line Drive, 56D)
Richard Hinkle to second
Batting: SHB José López 0-0: Foul Ball, location: 2F
0-1: Ball
1-1: Called Strike
1-2: SINGLE (Flyball, 78S)
Richard Hinkle to third
Oliver Todd to second
Batting: SHB Wayne Matthews 0-0: Called Strike
0-1: Ball
1-1: Swinging Strike
1-2: Ball
2-2: Strikes out looking
Batting: SHB Lewis Woods 0-0: Ball
1-0: Called Strike
1-1: Swinging Strike
1-2: Ball
2-2: GRAND SLAM HOME RUN (Flyball, 78XD), Distance : 391 ft
Batting: RHB Gabriel Erwin 0-0: Called Strike
0-1: Ball
1-1: Swinging Strike
1-2: Ball
2-2: Ball
3-2: Foul Ball, location: 2F
3-2: Strikes out swinging
Batting: SHB Juan Glaviz 0-0: Ball
1-0: Fly out, F9 (Flyball, 9LM)
Top of the 9th over - 4 run(s), 4 hit(s), 0 error(s), 0 left on base; Wichita 12 - Gainesville 2
BOTTOM OF THE 9TH
Gainesville Guidos batting - Pitching for Wichita Wranglers : RHP Luis Pérez
Batting: LHB Robbie Turner 0-0: Called Strike
0-1: Ball
1-1: Called Strike
1-2: Foul Ball, location: 2F
1-2: Ball
2-2: Fly out, F4 (Popup, 4MD)
Batting: RHB Doug Coleman 0-0: Fly out, F1 (Line Drive, 13)
Batting: RHB Kyle O'Day 0-0: Ball
1-0: Foul Ball, location: 2F
1-1: Ball
2-1: Ball
3-1: Called Strike
3-2: Foul Ball, location: 2F
3-2: Base on Balls
Pinch Hitting: SHB Kent Phillips 0-0: Foul Ball, location: 2F
0-1: Foul Ball, location: 2F
0-2: Foul Ball, location: 2F
0-2: Foul Ball, location: 2F
0-2: Ball
1-2: Ball
2-2: Foul Ball, location: 2F
2-2: Ground out 5-3 (Groundball, 56)
Bottom of the 9th over - 0 run(s), 0 hit(s), 0 error(s), 1 left on base; Wichita 12 - Gainesville 2
Tuesday, August 8th, 2017 - OOTP Baseball 17.12 Build 75